 Dungeon Crawl Stone Soup version 0.31.0-9-g3a7656b989 (webtiles) character file.

Game seed: 6586556557100980123

79 qw the Shooter (level 4, -4/25 HPs)
             Began as a Deep Elf Hunter on Feb 2, 2024.
             Incinerated by a bombardier beetle (5 damage)
             ... with a burning spray
             ... on level 3 of the Dungeon.
             The game lasted 00:00:05 (1411 turns).

qw the Shooter (Deep Elf Hunter)                    Turns: 1411, Time: 00:00:06

Health: -4/25      AC:  8    Str: 14    XL:     4   Next: 17%
Magic:  0/6        EV: 11    Int: 14    God:
Gold:   144        SH:  0    Dex: 20    Spells: 3/3 levels left

rFire   . . .        a - +0 shortbow
rCold   + . .        (shield currently unavailable)
rNeg    . . .        b - +0 ring mail of Whack-A-Mole {rC+}
rPois   .            g - +1 helmet
rElec   .            (no cloak)
rCorr   .            j - +0 pair of gloves
SInv    .            (no boots)
Will    .....        e - amulet of guardian spirit
Stlth   +            d - +6 ring of strength
HPRegen 0.24/turn    (no ring)
MPRegen 0.10/turn

%: guardian spirit
@: on fire, glowing
A: no striking features
a: no special abilities


You were on level 3 of the Dungeon.
You visited 1 branch of the dungeon, and saw 3 of its levels.

You collected 144 gold pieces.


   Skills:
 - Level 1.5 Fighting
 + Level 7.6 Ranged Weapons
 - Level 2.4 Dodging
 - Level 1.2 Stealth


You had 3 spell levels left.
You didn't know any spells.
Your spell library was empty.

Inventory:

Hand Weapons
 a - a +0 shortbow (weapon)
Armour
 b - the +0 ring mail of Whack-A-Mole (worn) {rC+}
   (You found it on level 2 of the Dungeon)

   rC+:       It protects you from cold.
 g - a +1 helmet (worn)
 h - a +2 ring mail
 j - a +0 pair of gloves (worn)
Jewellery
 d - a +6 ring of strength (left hand)
 e - an amulet of guardian spirit (around neck)
Scrolls
 f - a scroll of vulnerability {unknown}
 i - a scroll of fear {unknown}
Potions
 c - 2 potions of haste

Dungeon Overview and Level Annotations

Branches:
Dungeon (3/15)

Altars:

Shops:
D:1 (


Message History

You shoot an arrow. The arrow hits the endoplasm.
The endoplasm quivers.
The endoplasm is almost dead.
You shoot an arrow. The arrow hits the endoplasm!
You kill the endoplasm!
You shoot an arrow. The arrow hits the bombardier beetle.
The bombardier beetle is lightly wounded.
You shoot an arrow.
The arrow barely misses the bombardier beetle.
You shoot an arrow.
The arrow closely misses the bombardier beetle.
The bombardier beetle sprays incendiary fluid at you.
The burning spray hits you.
You are covered in liquid fire!
You shoot an arrow.
The arrow hits the bombardier beetle but does no damage.
The bombardier beetle is lightly wounded.
The liquid fire burns you!
You shoot an arrow. The arrow hits the bombardier beetle.
The bombardier beetle is moderately wounded.
The liquid fire burns you!
You shoot an arrow. The arrow hits the bombardier beetle!
The bombardier beetle is severely wounded.
The liquid fire burns you!
The bombardier beetle sprays incendiary fluid at you.
The burning spray hits you.
You are even more covered in liquid fire!
You shoot an arrow. The arrow hits the bombardier beetle!
You kill the bombardier beetle!
The liquid fire burns you!
You have reached level 4!
You feel clever.
You are on fire!
The liquid fire burns you!
You are on fire!
The liquid fire burns you!
You are on fire!
The liquid fire burns you!
You are on fire!
The liquid fire burns you!
You die...

#(#....# #.#....#
####### #.#....# .......
#.#....####### .......
#.........)..## .......
##...........+. #......
#...........#.
.......#####.#........#.
#...%..@.....#.....#.##.
.......########.#.## #)
=...... #.#... #.
....... ##.#######.
.#####. #........#. #.
#...####... #.
#.#.#####.# ##
#.#....>... #.#########


There were no monsters in sight!

Vanquished Creatures
  A bombardier beetle (D:3)
  An adder zombie (D:2)
  A dart slug (D:2)
  A ribbon worm (D:2)
  6 endoplasms
  3 giant cockroaches (D:1)
  7 goblins
  3 hobgoblins
  A jackal (D:1)
  A quokka (D:2)
  3 ball pythons
  2 bats
  5 frilled lizards
  2 kobolds
37 creatures vanquished.

Notes
Turn   | Place    | Note
-------+----------+-------------------------------------------
     0 | D:1      | qw the Deep Elf Hunter began the quest for the Orb.
     0 | D:1      | Reached XP level 1. HP: 12/12 MP: 3/3
     0 | D:1      | 0 ||| qw: Version: 0.3-a-155-g5e7d8dd
     0 | D:1      | 0 ||| qw: Game counter: 2587
     0 | D:1      | 0 ||| qw: Melee chars always use a shield: true
     0 | D:1      | 0 ||| qw: God list: Okawaru
     0 | D:1      | 0 ||| qw: Allow faded altars: false
     0 | D:1      | 0 ||| qw: Do Orc after clearing Dungeon:15 true
     0 | D:1      | 0 ||| qw: Do second Lair branch before Depths: true
     0 | D:1      | 0 ||| qw: Lair rune preference: random
     0 | D:1      | 0 ||| qw: Goals: Normal
     0 | D:1      | 0 ||| PLANNING D:1-11
   349 | D:1      | Reached skill level 6 in Ranged Weapons
   349 | D:1      | Reached XP level 2. HP: 16/16 MP: 4/4
   525 | D:1      | Found Zasteuz's Antique Weapon Shoppe.
   533 | D:1      | 533 ||| SHOPLISTING arbalest (72 gold, have 61).
   680 | D:1      | 680 ||| UPGRADING to +0 ring mail.
   690 | D:1      | 690 ||| DROPPING +0 leather armour.
   691 | D:1      | 691 ||| UPGRADING to amulet of guardian spirit.
   696 | D:1      | 696 ||| UPGRADING to +6 ring of strength.
   697 | D:1      | 697 ||| READING 2 scrolls labelled TEOTUAFAAS.
   697 | D:1      | 697 ||| IDENTIFYING scroll labelled WUDWIO FIWIBB
   698 | D:1      | 698 ||| READING scroll of enchant armour.
   698 | D:1      | 698 ||| ENCHANTING +0 ring mail.
   699 | D:1      | 699 ||| DROPPING scroll of butterflies.
   760 | D:2      | Identified the +0 ring mail of Whack-A-Mole {rC+}
   827 | D:2      | Reached XP level 3. HP: 20/20 MP: 5/5
   873 | D:2      | Found a faded altar of an unknown god.
  1098 | D:2      | 1098 ||| READING scroll of enchant armour.
  1098 | D:2      | 1098 ||| ENCHANTING +1 ring mail.
  1275 | D:2      | 1275 ||| UPGRADING to +0 ring mail of Whack-A-Mole {rC+}.
  1285 | D:2      | 1285 ||| UPGRADING to +1 helmet.
  1290 | D:2      | 1290 ||| UPGRADING to +0 pair of gloves.
  1295 | D:2      | 1295 ||| READING scroll of identify.
  1295 | D:2      | 1295 ||| IDENTIFYING fuming amethyst potion
  1296 | D:2      | 1296 ||| READING scroll labelled CUTAEX WUCS.
  1297 | D:2      | 1297 ||| READING scroll labelled CIEN ZADICLU.
  1298 | D:2      | 1298 ||| DRINKING 3 cyan potions.
  1299 | D:2      | 1299 ||| DROPPING potion of lignification.
  1375 | D:3      | Reached skill level 7 in Ranged Weapons
  1408 | D:3      | Reached XP level 4. HP: 8/25 MP: 3/6
  1408 | D:3      | HP: 5/25 [burnt (3)]
  1409 | D:3      | HP: 2/25 [burnt (3)]
  1411 | D:3      | Incinerated by a bombardier beetle

Levels and vault maps discovered:
D:1:      spicycebolla_arrival_xxxplode, layout_basic, serial_shops, shop,
          minmay_tetromino_i4
D:2:      cheibrodos_helix_gallery, layout_basic,
          hellmonk_ecumenical_altar_arch_garden, serial_undead, serial_undead_c,
          serial_undead_b, serial_undead_f, serial_undead_c, serial_undead_e,
          minivault_5
D:3:      layout_basic, interstate_on_off, minmay_divided_ellipse

Skill      XL: |  1  2  3 |
---------------+----------+-----
Ranged Weapons | 6 7 |  7.6
Fighting       | |  1.5
Dodging        | |  2.4
Stealth        | |  1.2

Action                     |  1- 3 |  4- 6 || total
---------------------------+-------+-------++-------
   Fire: Shortbow          |   109 |       ||   109
    Use: Scroll            |     6 |       ||     6
         Potion            |     1 |       ||     1
 Armour: Leather armour    |    17 |       ||    17
         Ring mail         |     2 |       ||     2
  Dodge: Dodged            |    22 |       ||    22

Table legend:
 A = Non-vault XP
 B = Vault XP
 C = Vault XP percentage of total XP
 D = Non-vault monster count
 E = Vault monster count
 F = Vault count percentage of total count
                 A         B        C        D         E       F
            +---------+---------+-------+---------+---------+-------
      Total |      99 |      15 |  13.2 |      30 |       7 |  18.9
            +---------+---------+-------+---------+---------+-------
        D:1 |      25 |       5 |  16.7 |      14 |       4 |  22.2
        D:2 |      14 |      10 |  41.7 |       8 |       3 |  27.3
        D:3 |      60 |       0 |   0.0 |       8 |       0 |   0.0
            +---------+---------+-------+---------+---------+-------
